Map: Submarine LE

Players

MaSa

  • Race: Terran Terran
  • League: Master
  • Spawn Location: 11:00

Vindicta - Winner!

  • Race: Terran Terran
  • League: Master
  • Spawn Location: 5:00

Event: DreamHack SC2 Masters 2020 Winter

VOD

Have the link to the VOD?

Description

Time

  • Played on: Oct. 13, 2020, 7:18 p.m.
  • Length: 20:54

All games in this series

Show
View Real Time Build Order
Export as new Build Order

MaSa Terran 

Build Orders: 1/1/1 

Get SALT Encoding   

  12  0:00  SCV  
  13  0:12  SCV  
  14  0:17  Supply Depot  
  14  0:24  SCV  
  14  0:27  Refinery  
  15  0:39  SCV  
  16  0:44  Barracks  
  16  0:51  SCV  
  16  0:56  Refinery  
  17  1:03  SCV  
  18  1:15  SCV  
  19  1:31  Orbital Command  
  19  1:32  Factory  
  19  1:34  Reaper  
  20  1:44  Supply Depot  
  20  1:57  SCV  
  21  2:06  Barracks Tech Lab  
  21  2:09  SCV  
  22  2:16  Hellion  
  22  2:19  Starport  
  24  2:26  SCV  
  25  2:36  Barracks Reactor  
  25  2:40  SCV  
  25  2:41  Command Center  
  26  2:44  Factory Tech Lab  
  26  2:50  Supply Depot  
  26  2:53  SCV  
  27  3:00  Banshee  
  27  3:05  SCV  
  31  3:14  Marine  
  31  3:17  Marine  
  31  3:19  Siege Tank  
  36  3:20  SCV  
  36  3:26  Supply Depot  
  37  3:29  Refinery  
  37  3:33  Marine  
  38  3:35  Marine  
  39  3:47  SCV  
  40  3:49  Raven  
  40  3:53  Marine x2  
  42  3:59  SCV  
  42  4:01  Orbital Command  
  43  4:06  Siege Tank  
  46  4:10  Marine  
  46  4:11  SCV  
  48  4:23  SCV  
  47  4:27  SCV  
  48  4:35  SCV  
  48  4:39  SCV  
  48  4:41  Viking x2, Marine  
  48  4:43  Siege Tank  
  57  4:48  SCV  
  57  4:51  SCV  
  57  5:00  SCV, Marine  
  57  5:06  SCV  
  60  5:11  Viking  
  61  5:19  Supply Depot  
  61  5:20  Supply Depot, Stimpack  
  61  5:23  Siege Tank  
  61  5:27  SCV x2  
  66  5:28  Refinery  
  66  5:29  Viking  
  66  5:30  Marine  
  69  5:39  SCV  
  70  5:45  Liberator  
  72  6:04  Viking  
  67  6:09  SCV  
  57  6:11  SCV  
  55  6:19  Marine  
  55  6:21  Siege Tank  
  55  6:23  SCV  
  60  6:28  Viking  
  62  6:35  Command Center, Barracks  
  62  6:37  SCV, Marine  
  62  6:39  SCV  
  64  6:51  Viking  
  66  6:54  Marine  
  66  6:58  Viking  
  68  7:02  SCV  
  68  7:03  SCV  
  68  7:07  Siege Tank  
  72  7:12  Marine  
  73  7:19  SCV  
  73  7:21  Viking  
  76  7:27  SCV  
  76  7:28  Viking  
  79  7:30  Marine  
  79  7:37  SCV  
  78  7:39  Siege Tank  
  81  7:48  Marine  
  81  7:49  SCV  
  69  7:53  Liberator  
  69  7:55  SCV, Combat Shield, Barracks Reactor  
  68  7:58  Barracks  
  68  8:01  SCV, Barracks  
  68  8:02  Orbital Command  
  69  8:06  Marine  
  69  8:07  SCV, Refinery  
  69  8:08  Engineering Bay x2  
  69  8:11  Siege Tank  
  74  8:13  SCV, Liberator  
  74  8:19  SCV  
  79  8:25  SCV  
  79  8:26  Supply Depot  
  76  8:36  Marine  
  76  8:37  Marauder, Marine  
  76  8:40  SCV x2, Medivac  
  82  8:42  SCV  
  82  8:43  Terran Infantry Weapons Level 1, Terran Infantry Armor Level 1  
  83  8:50  Barracks Tech Lab  
  83  8:51  Barracks Tech Lab  
  83  8:52  Supply Depot  
  83  8:53  Barracks  
  83  8:54  SCV  
  83  8:55  SCV x2  
  86  8:56  Medivac, Marine  
  86  8:57  Marine  
  86  8:59  Marauder, Siege Tank  
  95  9:11  Supply Depot  
  95  9:16  SCV  
  94  9:17  Marauder x2, Marine x2  
  94  9:18  SCV  
  94  9:20  Marine  
  102  9:25  SCV  
  102  9:29  SCV  
  102  9:30  Concussive Shells  
  95  9:31  Medivac, Siege Tank  
  95  9:35  Command Center, Marine x2  
  95  9:38  Marauder  
  104  9:40  Medivac  
  104  9:41  Barracks Tech Lab  
  104  9:42  Barracks Reactor, Marauder x2  
  104  9:43  SCV  
  111  9:46  SCV, Supply Depot, Refinery  
  111  9:47  SCV  
  111  9:48  Armory  
  113  9:56  Marine x2  
  113  9:59  SCV, Marauder  
  118  10:00  SCV x2  
  118  10:01  Medivac  
  118  10:03  Supply Depot, Marauder  
  123  10:08  Marauder  
  123  10:12  SCV x2  
  122  10:14  Marine x2  
  122  10:20  Marine  
  124  10:23  Marine x2  
  124  10:25  Marauder  
  128  10:29  Marine  
  128  10:32  Marine x2  
  128  10:33  SCV  
  122  10:37  SCV  
  122  10:38  Marine  
  122  10:40  Marine  
  122  10:41  Marine  
  115  10:43  Medivac  
  115  10:46  Marine  
  115  10:47  Marauder  
  112  10:50  Marine x2  
  112  10:55  SCV x2  
  112  10:56  Marine  
  110  10:58  Marine x2  
  110  11:03  Marine  
  103  11:07  Marine  
  103  11:08  SCV, Marine  
  103  11:09  Marauder  
  103  11:13  SCV x2  
  103  11:14  Marine  
  103  11:16  Marine x2  
  109  11:20  SCV  
  109  11:21  Planetary Fortress  
  109  11:22  Marauder  
  109  11:25  SCV, Marine x2  
  112  11:27  SCV  
  112  11:30  Marine  
  112  11:31  Marine  
  117  11:34  Marine  
  117  11:35  Marine  
  114  11:40  SCV  
  114  11:41  SCV  
  114  11:42  SCV  
  114  11:43  Marauder, Marine x2  
  118  11:48  Marauder  
  118  11:50  Marauder  
  118  11:53  SCV x2  
  113  11:54  SCV  
  113  11:58  Terran Infantry Armor Level 2, Terran Infantry Weapons Level 2  
  113  12:00  SCV  
  107  12:02  Marine  
  107  12:04  Marauder  
  107  12:05  SCV x2  
  109  12:08  SCV  
  109  12:12  SCV  
  109  12:14  Medivac  
  112  12:17  SCV x2  
  112  12:20  SCV  
  115  12:26  Medivac  
  115  12:28  SCV  
  115  12:29  SCV x2  
  120  12:31  Barracks  
  120  12:33  SCV, Marauder  
  120  12:34  Factory Reactor  
  123  12:40  SCV  
  123  12:41  SCV  
  123  12:44  Marauder x2, Marine  
  130  12:45  SCV  
  127  12:52  Marine x3  
  127  12:53  SCV, Missile Turret  
  127  12:54  Marauder  
  133  13:01  Marine  
  133  13:05  Marauder x2  
  137  13:08  Missile Turret  
  137  13:09  Marine x2  
  137  13:10  Marine  
  138  13:15  Marine  
  138  13:17  SCV x3  
  138  13:19  Marine  
  139  13:20  Marauder  
  139  13:25  Medivac  
  139  13:26  Marine x2  
  144  13:27  Marine x3  
  144  13:30  Viking  
  144  13:33  Marine  
  150  13:36  SCV x2  
  150  13:37  SCV, Marine  
  146  13:41  Marine  
  146  13:44  Marauder  
  146  13:45  SCV  
  150  13:48  SCV x2  
  150  13:49  SCV  
  150  13:50  Marine  
  150  13:55  Medivac  
  156  13:57  Supply Depot x2  
  156  14:06  Supply Depot  
  156  14:12  Medivac, Marine x2  
  156  14:14  Marauder  
  156  14:19  Widow Mine x2  
  156  14:20  Supply Depot  
  156  14:21  SCV x3, Supply Depot  
  156  14:22  Terran Infantry Weapons Level 3  
  163  14:24  Terran Infantry Armor Level 3  
  163  14:25  Medivac  
  163  14:31  Marine x5  
  165  14:33  SCV x2  
  172  14:42  Medivac  
  172  14:43  Marine  
  172  14:44  Marauder  
  176  14:48  Supply Depot  
  176  14:49  Marine  
  176  14:50  Marauder x2, Marine x2  
  179  14:53  SCV x2, Marine  
  179  14:55  SCV  
  180  15:02  Marauder  
  180  15:05  SCV x2, Marauder  
  168  15:07  Marine  
  165  15:16  Widow Mine x2, Marine x3  
  165  15:17  SCV, Marauder x2  
  176  15:23  Supply Depot  
  172  15:32  Marauder x2, Marine  
  172  15:34  Marine  
  161  15:37  Marine x2  
  161  15:38  Marauder  
  164  15:44  Marauder  
  164  15:49  Marine  
  165  15:52  Marine  
  165  15:53  Marauder, Marine  
  165  15:55  Marine x2  
  142  15:59  Marauder  
  142  16:01  SCV x3  
  142  16:02  Medivac x2  
  146  16:06  Marauder  
  146  16:07  Marine  
  146  16:10  Marine  
  152  16:11  Marauder  
  152  16:12  Marine x2  
  152  16:15  Marauder  
  155  16:21  Marauder  
  155  16:25  Marine  
  157  16:27  Marauder, Marine  
  157  16:29  SCV  
  157  16:30  Marine x2  
  157  16:31  SCV  
  165  16:33  Marauder  
  165  16:36  Marauder  
  167  16:42  Marauder  
  167  16:43  Marine  
  167  16:45  Marine  
  152  16:48  Marauder, Marine x2  
  123  16:54  Marauder  
  123  16:56  Widow Mine x2  
  123  16:57  Medivac x2, Marauder  
  123  17:01  Marine  
  132  17:03  Marine x2  
  132  17:06  Marine x2  
  136  17:09  Orbital Command, Marine  
  136  17:15  Marine  
  130  17:18  Marine x2  
  130  17:21  Marine x2  
  128  17:24  Marine x2  
  128  17:26  Medivac  
  128  17:28  Marauder  
  131  17:31  SCV x2  
  131  17:33  Marauder  
  131  17:36  Marine x2  
  137  17:39  Marauder, Marine  
  137  17:41  Marine  
  137  17:42  Marine  
  138  17:46  SCV x2  
  138  17:49  Marauder  
  134  17:54  Marine x3  
  134  17:57  Marine  
  134  17:59  Marine x2  
  134  18:01  SCV x2, Marauder  
  134  18:02  SCV  
  141  18:09  Supply Depot  
  141  18:10  Widow Mine, Marine  
  141  18:12  Marauder, Widow Mine, Marine x2  
  150  18:14  Marine  
  150  18:17  Marine  
  139  18:21  Marine  
  139  18:22  Marauder  
  142  18:28  Marauder  
  142  18:30  Marauder, Marine  
  142  18:31  Widow Mine  
  142  18:32  Marine  
  142  18:34  Marauder  
  136  18:35  Marine  
  136  18:39  Marine  
  127  18:43  Marauder  
  127  18:47  Marine  
  128  18:50  Marauder, Marine  
  128  18:52  Marauder  
  128  18:53  Marine  
  128  18:55  Marauder  
  121  18:57  Marine  
  94  19:04  Marine  
  94  19:05  Marine  
  94  19:08  Marine  
  92  19:10  Marine  
  92  19:11  SCV x4, Marine  
  92  19:12  Marine  
  92  19:15  Refinery, Command Center, Marine  
  92  19:16  Refinery, Marine  
  100  19:21  Widow Mine  
  100  19:22  Marine  
  100  19:23  SCV, Marine  
  95  19:26  Marine  
  95  19:28  Marine  
  95  19:29  Marauder  
  95  19:30  Marine  
  95  19:33  Marine  
  95  19:34  Marauder  
  95  19:37  Barracks  
  98  19:40  Marauder, Widow Mine  
  98  19:41  Marine  
  98  19:43  Marine  
  104  19:46  Marine  
  104  19:48  Marine  
  104  19:50  Marine x2  
  104  19:52  Widow Mine  
  94  19:56  Marauder  
  94  19:59  Marine  
  95  20:01  Marine  
  95  20:02  Marauder  
  95  20:04  Marine  
  95  20:06  Marauder  
  93  20:07  Marine  
  93  20:08  Marine  
  76  20:16  Marine  
  76  20:17  Marine  
  76  20:19  Marine  
  77  20:22  Marine  
  77  20:23  Marauder  
  77  20:24  Marine  
  77  20:25  Marine  
  77  20:26  Marine  
  77  20:28  Marauder  
  70  20:34  Marine x2  
Show
View Real Time Build Order
Export as new Build Order

Vindicta Terran - Winner!

Build Orders: Mech 

Get SALT Encoding   

  12  0:00  SCV  
  13  0:12  SCV  
  14  0:17  Supply Depot  
  14  0:24  SCV  
  14  0:27  Refinery  
  15  0:38  SCV  
  16  0:45  Barracks  
  16  0:51  SCV  
  16  0:55  Refinery  
  17  1:03  SCV  
  18  1:15  SCV  
  19  1:32  Reaper, Orbital Command  
  20  1:43  Factory  
  20  1:52  Supply Depot  
  20  1:58  SCV  
  21  2:10  SCV  
  21  2:11  Reaper  
  23  2:22  SCV  
  24  2:28  Widow Mine  
  26  2:34  SCV  
  26  2:40  Command Center  
  26  2:45  Barracks Tech Lab  
  27  2:51  Starport  
  27  2:57  SCV  
  27  2:58  Supply Depot  
  27  3:09  Cyclone  
  27  3:12  SCV, Barracks Tech Lab  
  31  3:21  Refinery  
  31  3:24  SCV  
  32  3:36  SCV  
  32  3:39  Raven  
  35  3:48  SCV  
  35  3:51  Orbital Command  
  36  4:00  SCV  
  37  4:06  Cyclone  
  40  4:12  SCV  
  40  4:17  SCV  
  41  4:24  SCV  
  41  4:26  Raven  
  41  4:29  SCV  
  41  4:30  Command Center  
  45  4:37  SCV, Supply Depot  
  46  4:39  Siege Tank  
  46  4:44  Barracks Reactor  
  46  4:45  SCV  
  50  4:49  SCV  
  50  4:52  Supply Depot  
  51  4:57  SCV  
  52  5:01  SCV  
  52  5:03  Supply Depot  
  51  5:07  Refinery  
  51  5:10  SCV  
  51  5:13  SCV  
  52  5:15  Supply Depot  
  52  5:18  Raven  
  52  5:20  Marine x2  
  56  5:23  SCV  
  56  5:25  SCV  
  56  5:27  Siege Tank  
  61  5:35  SCV  
  62  5:38  Marine  
  62  5:39  Supply Depot  
  62  5:40  SCV  
  64  5:43  Orbital Command  
  64  5:46  Factory  
  64  5:47  SCV  
  65  5:52  SCV  
  66  5:59  Marine x2, Siege Tank  
  63  6:07  SCV  
  56  6:16  SCV  
  56  6:26  Viking x2  
  56  6:27  SCV  
  56  6:28  SCV  
  56  6:32  Engineering Bay  
  61  6:34  Barracks Reactor  
  61  6:35  Factory  
  61  6:39  SCV  
  65  6:41  Siege Tank  
  65  6:44  SCV  
  66  6:55  Cyclone, Orbital Command  
  66  6:59  Viking x2  
  69  7:01  SCV  
  69  7:08  SCV  
  71  7:11  Supply Depot  
  71  7:14  SCV  
  68  7:18  Cyclone  
  70  7:23  SCV  
  70  7:29  Viking  
  72  7:33  Cyclone  
  75  7:39  SCV, Factory  
  75  7:42  SCV  
  77  7:50  Cyclone  
  65  7:51  SCV  
  65  7:52  Orbital Command  
  65  7:54  SCV, Viking  
  62  8:03  SCV  
  62  8:04  Viking  
  65  8:08  SCV  
  65  8:10  Cyclone  
  69  8:15  SCV  
  69  8:17  Orbital Command  
  70  8:20  SCV  
  70  8:21  Factory Tech Lab  
  70  8:24  Hellion x2  
  78  8:27  Missile Turret x2  
  78  8:28  SCV  
  78  8:32  SCV  
  78  8:35  Refinery  
  78  8:38  Refinery, Liberator  
  78  8:39  Hellion  
  78  8:40  SCV  
  78  8:41  Siege Tank  
  84  8:42  SCV  
  84  8:44  SCV  
  84  8:47  Hellion x2  
  90  8:50  Infernal Pre-Igniter  
  90  8:52  SCV, Hellion  
  94  8:56  SCV  
  94  8:58  SCV  
  95  9:04  SCV, Sensor Tower  
  95  9:09  Hellion  
  98  9:10  SCV, Liberator  
  98  9:12  SCV  
  98  9:16  SCV  
  100  9:21  Siege Tank  
  100  9:22  SCV  
  103  9:27  SCV  
  103  9:28  SCV  
  100  9:34  Missile Turret  
  100  9:35  SCV  
  100  9:37  Missile Turret  
  101  9:40  Siege Tank  
  101  9:43  SCV  
  106  9:49  Supply Depot  
  106  9:52  Hellion  
  110  9:53  Armory, SCV  
  110  9:57  Siege Tank  
  114  10:02  SCV  
  114  10:04  Viking, Sensor Tower  
  114  10:05  Viking  
  114  10:06  SCV  
  117  10:11  SCV  
  118  10:14  SCV  
  118  10:15  Siege Tank  
  118  10:18  SCV  
  118  10:21  Hellion  
  125  10:24  Supply Depot  
  125  10:32  SCV, Hellion x2  
  125  10:34  Siege Tank  
  125  10:35  SCV  
  124  10:39  SCV  
  124  10:42  Hellion  
  124  10:44  Terran Vehicle Weapons Level 1  
  124  10:45  SCV  
  124  10:47  Armory  
  124  10:48  Hellion  
  125  10:54  Hellion x2  
  125  10:55  SCV x2  
  131  11:02  SCV  
  131  11:03  Hellion  
  131  11:04  Missile Turret  
  126  11:05  Missile Turret  
  126  11:06  Siege Tank  
  126  11:10  Viking x2  
  128  11:13  Refinery  
  128  11:15  Supply Depot  
  128  11:17  Siege Tank  
  123  11:21  SCV, Sensor Tower  
  123  11:24  Missile Turret  
  124  11:28  Siege Tank  
  124  11:29  Hellion  
  129  11:39  Hellion x2  
  132  11:40  Liberator  
  132  11:41  SCV  
  136  11:49  Siege Tank  
  136  11:53  Liberator  
  136  11:54  Command Center  
  141  11:59  Hellion  
  141  12:00  Hellion x2  
  141  12:07  Hellion  
  137  12:15  Factory  
  137  12:16  Supply Depot  
  137  12:22  Hellion x4  
  139  12:23  Smart Servos  
  139  12:35  Supply Depot  
  139  12:37  Siege Tank  
  139  12:43  Hellion x2, Siege Tank  
  139  12:44  Hellion  
  145  12:45  Terran Vehicle Weapons Level 2  
  145  12:47  Terran Vehicle And Ship Armor Level 1  
  145  12:49  Viking  
  147  12:59  Factory Reactor  
  147  13:02  Liberator  
  150  13:08  Supply Depot  
  150  13:12  Hellion  
  145  13:15  Thor  
  145  13:28  Liberator  
  145  13:33  Siege Tank  
  145  13:34  SCV x2, Hellion x2  
  155  13:36  Hellion x2  
  158  13:49  Missile Turret  
  158  13:50  Missile Turret  
  158  13:51  Missile Turret  
  158  13:52  Missile Turret  
  158  13:55  SCV, Hellion x2, Refinery  
  163  13:57  SCV x2  
  163  13:59  Refinery  
  163  14:01  Hellion  
  164  14:05  Missile Turret x2  
  164  14:06  Liberator  
  164  14:09  Planetary Fortress  
  165  14:17  Hellion  
  165  14:24  Siege Tank x2  
  162  14:25  Hellion, Missile Turret x2  
  162  14:26  Missile Turret  
  162  14:29  Hellion  
  168  14:34  Hellion  
  168  14:36  Liberator  
  176  14:45  Hellion  
  178  14:47  Hellion, Terran Vehicle And Ship Armor Level 2  
  184  14:56  Siege Tank  
  183  15:05  Hellion, Siege Tank  
  183  15:07  Hellion, Missile Turret, Terran Vehicle Weapons Level 3  
  187  15:10  Missile Turret  
  187  15:11  Hellion  
  186  15:20  Command Center  
  186  15:25  Viking x2  
  175  15:37  Siege Tank  
  175  15:38  Hellion x2  
  175  15:39  Hellion, Siege Tank  
  175  15:40  Hellion x2  
  175  15:42  Hellion  
  186  15:51  Siege Tank  
  186  15:54  Liberator  
  186  15:55  Liberator  
  150  16:07  Hellion x2  
  150  16:09  Siege Tank  
  154  16:11  Siege Tank  
  154  16:16  Hellion  
  154  16:18  Hellion  
  159  16:23  Siege Tank  
  160  16:28  Hellion x2  
  160  16:32  Missile Turret  
  161  16:37  Viking, Hellion  
  161  16:38  Viking  
  161  16:39  Hellion  
  169  16:41  Siege Tank  
  169  16:43  Siege Tank  
  145  16:50  Hellion x2  
  138  16:56  Siege Tank  
  138  16:58  Hellion  
  138  17:01  Hellion  
  141  17:06  Terran Vehicle And Ship Armor Level 3  
  141  17:07  Factory  
  145  17:11  Hellion x2  
  145  17:14  Siege Tank  
  146  17:16  Hellion  
  146  17:20  Hellion  
  146  17:22  Refinery x2  
  150  17:23  Hellion  
  150  17:28  SCV x2  
  150  17:29  SCV  
  155  17:30  Supply Depot  
  155  17:32  Liberator x2  
  155  17:34  Hellion x2  
  161  17:45  Hellion  
  161  17:46  Siege Tank  
  161  17:49  Hellion  
  163  17:56  Hellion  
  167  18:01  Missile Turret  
  167  18:02  Missile Turret  
  167  18:03  Missile Turret, Sensor Tower  
  167  18:04  Hellion  
  160  18:10  Factory Tech Lab  
  161  18:16  Missile Turret  
  155  18:21  Hellion  
  155  18:23  SCV x2  
  157  18:27  Missile Turret  
  141  18:34  Hellion x2, Siege Tank  
  141  18:37  SCV  
  142  18:41  Hellion  
  142  18:45  Hellion  
  135  18:50  SCV x2  
  135  18:51  SCV x2  
  133  18:56  Hellion  
  133  19:02  SCV x2  
  129  19:06  Hellion, Planetary Fortress  
  129  19:09  Hellion  
  130  19:13  Missile Turret  
  130  19:16  Siege Tank  
  133  19:19  Hellion  
  133  19:22  Hellion  
  133  19:23  SCV  
  126  19:30  Hellion, Siege Tank  
  124  19:32  Hellion  
  124  19:34  SCV  
  124  19:37  Liberator  
  128  19:43  SCV, Hellion, Siege Tank  
  134  19:46  Siege Tank  
  134  19:48  Siege Tank  
  136  19:55  Hellion  
  136  19:57  Hellion  
  136  19:59  Liberator  
  143  20:02  Siege Tank  
  143  20:15  Hellion, Siege Tank  
  143  20:18  SCV, Siege Tank  
  143  20:20  Siege Tank  
  148  20:23  Hellion x2  
  148  20:25  Hellion  
  140  20:30  SCV x2  
  146  20:51  Command Center  
Tags
 
Add a new tag
Caveats
  • Supply blocks, unpowered buildings, or Contaminate may cause inaccurate times.
  • Supply counts are checked every 10 seconds.